 Dungeon Crawl Stone Soup version 0.18-a0-1300-g6e8322c (webtiles) character file.

1259 RedPan the Covert (level 8, -4/52 HPs)
             Began as a Vampire Enchanter on Feb 12, 2016.
             Was an Initiate of Okawaru.
             Slain by a gnoll
             ... wielding a +0 flail
              (11 damage)
             ... on level 6 of the Dungeon.
             The game lasted 00:15:08 (7168 turns).

RedPan the Covert (Vampire Enchanter)               Turns: 7168, Time: 00:15:08

Health: -4/52      AC:  4    Str:  7    XL:     8   Next: 27%
Magic:  11/11      EV: 12    Int: 22    God:    Okawaru [......]
Gold:   347        SH:  0    Dex: 15    Spells: 3 memorised, 5 levels left

rFire  + . .     SeeInvis +     f - +6 quarterstaff of Darkness {freeze, rF+}
rCold  + . .     Gourm    .     b - +1 robe
rNeg   + + .     Faith    .     (shield currently unavailable)
rPois  +         Spirit   .     (no helmet)
rElec  .         Dismiss  .     (no cloak)
rCorr  .         Reflect  .     h - +0 pair of gloves
SustAt .         Harm     .     (no boots)
MR     .....                    (no amulet)
Stlth  +++++.....               u - +3 ring of intelligence
                                w - ring of loudness (curse)

@: regenerating slowly, not resistant to hostile enchantments, quite stealthy
A: fangs 3, see invisible, unbreathing
a: Bat Form, Renounce Religion


You were on level 6 of the Dungeon.
You worshipped Okawaru.
Okawaru was noncommittal.
You were very thirsty.

You visited 2 branches of the dungeon, and saw 7 of its levels.

You collected 347 gold pieces.

Inventory:

Hand Weapons
 a - a +1 dagger
 f - the +6 quarterstaff of Darkness (weapon) {freeze, rF+}
   (You found it on level 4 of the Dungeon)

   It has been specially enchanted to freeze those struck by it, causing extra
   injury to most foes and up to half again as much damage against particularly
   susceptible opponents.
   It can also slow down cold-blooded creatures.
   It protects you from fire.
 y - a +1 dagger of venom
Armour
 b - a +1 robe (worn)
 h - a +0 pair of gloves (worn)
Jewellery
 u - a +3 ring of intelligence (right hand)
 w - a cursed ring of loudness (left hand)
Wands
 A - a wand of disintegration (10/24)
Scrolls
 e - 2 scrolls of teleportation
 i - 4 scrolls of identify
 o - 2 scrolls of recharging
 q - a scroll of fog
 x - a scroll of magic mapping
 z - a scroll of amnesia {unknown}
Potions
 d - 6 potions of blood
 g - a potion of magic {unknown}
 j - a potion of agility {unknown}
 k - 2 potions of berserk rage {unknown}
 l - a potion of lignification {unknown}
 m - a potion of might {unknown}
 n - 2 potions of curing
 p - a potion of mutation {unknown}
 r - a potion of heal wounds {unknown}
 s - a potion of invisibility {unknown}
 t - a potion of flight
 v - a potion of degeneration {unknown}
Books
 c - a book of Maledictions

   Spells                             Type                      Level
   a - Corona                         Hexes                        1
   b - Ensorcelled Hibernation        Hexes/Ice                    2
   c - Confuse                        Hexes                        3
   d - Tukima's Dance                 Hexes                        3
   e - Dazzling Spray                 Conjuration/Hexes            3


   Skills:
 + Level 6.6 Short Blades
 - Level 2.1 Dodging
 - Level 12.0 Stealth
 - Level 2.0 Spellcasting
 - Level 6.0 Hexes


You had 5 spell levels left.
You knew the following spells:

 Your Spells              Type           Power        Failure   Level  Hunger
a - Corona                Hex            ####...      1%          1    #......
b - Ensorcelled Hibernat  Hex/Ice        ###...       8%          2    ##.....
c - Confuse               Hex            ####....     3%          3    ###....


Dungeon Overview and Level Annotations

Branches:
Dungeon (6/15)             Temple (1/1) D:5

Altars:
Ashenzari
Cheibriados
Dithmenos
Elyvilon
Gozag
Kikubaaqudgha
Nemelex Xobeh
Okawaru
Pakellas
Qazlal
Ru
Sif Muna
Trog
Zin

Shops:
D:5 }


Innate Abilities, Weirdness & Mutations

You heal slowly.
You have razor-sharp teeth.
You have supernaturally acute eyesight.
You can survive without breathing.


Message History

The gnoll is severely wounded.
The gnoll misses you. The gnoll hits you.
The gnoll hits you but does no damage. The gnoll hits you with a flail!
You thump the gnoll! You freeze the gnoll.
You kill the gnoll!
Okawaru accepts your kill. The gnoll barely misses you.
The gnoll hits you with a flail.
You see here a spear.
You see here a halberd.
You completely miss the gnoll. The gnoll hits you with a flail!
* * * LOW HITPOINT WARNING * * *
You are too injured to fight recklessly!
You are too injured to fight recklessly!
You are too injured to fight recklessly!
You barely miss the gnoll. The gnoll barely misses you.
You closely miss the gnoll. The gnoll closely misses you.
The gnoll hits you with a flail.
* * * LOW HITPOINT WARNING * * *
You barely miss the gnoll. The gnoll hits you with a flail!
You die...

# # ## .# ######## .# #....... .#
#....... .# #.......
.##############################..
................@ggg)............
######################.##########
#........g.# #..........# #
#..........# # #..........#
###### #### #...P.P....# #.....
...# #..###.....###..... ...#
#..#.#.....P##.....


You could see 3 gnolls.

Vanquished Creatures
  Eustachio (D:4)
  A centaur (D:5)
  A scorpion (D:5)
  A giant frog zombie (D:5)
  A crimson imp (D:5)
  2 hounds
  9 orc wizards
  A giant frog skeleton (D:6)
  2 orc priests
  Terence (D:3)
  7 worker ants
  A hound skeleton (D:5)
  Robin (D:3)
  3 gnolls (D:6)
  11 adders
  2 shadow imps (D:6)
  2 oozes
  2 adder zombies
  5 worms
  6 giant geckos
  19 orcs
  9 giant cockroaches
  15 goblins
  8 hobgoblins
  2 jackals (D:3)
  5 kobolds
  A quokka (D:6)
  2 ball pythons (D:4)
  7 bats
  A giant gecko skeleton (D:6)
  A giant gecko zombie (D:5)
  7 giant newts
  A jackal skeleton (D:6)
  5 rats
143 creatures vanquished.

Vanquished Creatures (others)
  A giant gecko (D:4)
1 creature vanquished.

Grand Total: 144 creatures vanquished

Notes
Turn   | Place    | Note
--------------------------------------------------------------
     0 | D:1      | RedPan the Vampire Enchanter began the quest for the Orb.
     0 | D:1      | Reached XP level 1. HP: 13/13 MP: 3/3
    41 | D:1      | Reached skill level 5 in Hexes
   161 | D:1      | Reached XP level 2. HP: 19/19 MP: 5/5
   169 | D:1      | Learned a level 2 spell: Ensorcelled Hibernation
   862 | D:2      | Reached skill level 6 in Hexes
   914 | D:2      | Reached XP level 3. HP: 24/24 MP: 3/6
   920 | D:2      | Reached skill level 5 in Stealth
  1299 | D:2      | Found an oddly glowing altar of Pakellas.
  1398 | D:2      | Found a snail-covered altar of Cheibriados.
  1472 | D:2      | Reached XP level 4. HP: 30/30 MP: 0/7
  1479 | D:2      | Learned a level 3 spell: Confuse
  1691 | D:3      | Found a sparkling altar of Nemelex Xobeh.
  1692 | D:3      | Noticed Terence
  1704 | D:3      | Killed Terence
  1704 | D:3      | Reached skill level 7 in Stealth
  1882 | D:3      | Reached XP level 5. HP: 16/35 MP: 0/8
  2160 | D:3      | Noticed Robin
  2775 | D:3      | Killed Robin
  2775 | D:3      | Reached skill level 8 in Stealth
  2949 | D:3      | Found an opulent altar of Gozag.
  3148 | D:3      | Reached skill level 9 in Stealth
  3497 | D:4      | Reached XP level 6. HP: 41/41 MP: 9/9
  3530 | D:4      | HP: 1/41 [orc (3)]
  3537 | D:4      | Reached skill level 10 in Stealth
  3790 | D:4      | Noticed Eustachio
  3809 | D:4      | Killed Eustachio
  3809 | D:4      | Reached skill level 11 in Stealth
  3895 | D:4      | Got a smoking quarterstaff
  3950 | D:4      | Identified the +6 quarterstaff of Darkness {freeze, rF+} (You found it on level 4 of the Dungeon)
  3983 | D:4      | Found a white marble altar of Elyvilon.
  4004 | D:4      | Reached XP level 7. HP: 32/46 MP: 7/10
  4198 | D:4      | Found a bloodstained altar of Trog.
  4599 | D:5      | Entered Level 5 of the Dungeon
  4613 | D:5      | Reached skill level 12 in Stealth
  4967 | D:5      | Found Fufusch's Gadget Shop.
  5694 | D:5      | Reached skill level 5 in Short Blades
  5771 | D:5      | Found a staircase to the Ecumenical Temple.
  5833 | D:5      | Reached XP level 8. HP: 41/52 MP: 11/11
  5853 | Temple   | Entered the Ecumenical Temple
  5932 | Temple   | Became a worshipper of Warmaster Okawaru
  6825 | D:6      | Found an ancient bone altar of Kikubaaqudgha.
  7168 | D:6      | Slain by a gnoll

Vault maps used:
D:1:      mainiacjoe_arrival_reflecting_pool, feat_on_display
D:2:      cheibriados_altar_1, grunt_pakellas_basics
D:3:      lemuel_doored_altar, nicolae_gozag_seed_capital, first_bread,
          st_stairs_10, uniq_robin, uniq_terence
D:4:      minmay_door_path, lemuel_coloured_pillars_altar, elyvilon_altar_4,
          uniq_eustachio
D:5:      minmay_temple_entry_purple_smoke, serial_shops, shop
D:6:      kiku_gazebo_garden_becter, hangedman_decor_lopped, minmay_misc_feat_x
Temple:   circular_temple_pool_8

Action                   |  1- 3 |  4- 6 |  7- 9 || total
-------------------------+-------+-------+-------++-------
Melee: Dagger            |    81 |   226 |     9 ||   316
       Quarterstaff      |       |     6 |   152 ||   158
 Cast: Ensorcelled Hiber |     8 |    29 |     5 ||    42
       Confuse           |       |     1 |       ||     1
  Use: Scroll            |       |     9 |     2 ||    11
       Potion            |       |     7 |     4 ||    11
 Stab: Sleeping          |    12 |    22 |    16 ||    50
       Confused          |       |     2 |       ||     2
